 Dungeon Crawl Stone Soup version 0.30-a0-824-g6c64550be9 (webtiles) character file.

Game seed: 6196873963086393471

10565 Zenkrye the Spear-Bearer (level 11, -2/86 HPs)
             Began as a Human Cinder Acolyte on Feb 27, 2023.
             Was a High Priest of Ignis.
             Slain by a komodo dragon (27 damage)
             ... on level 1 of the Lair of Beasts.
             The game lasted 00:38:38 (13289 turns).

Zenkrye the Spear-Bearer (Human Cinder Acolyte)    Turns: 13289, Time: 00:38:39

Health: -2/86      AC: 12    Str: 19    XL:     11   Next: 95%
Magic:  5/15       EV:  9    Int: 14    God:    Ignis [*****.]
Gold:   622        SH: 10    Dex: 15    Spells: 14/16 levels left

rFire   + + .      SeeInvis .    o - +1 spear (flame)
rCold   + + .      Faith    .    h - +0 kite shield
rNeg    . . .      Spirit   .    z - +3 leather armour of Icysen {rC+}
rPois   .          Reflect  .    J - +2 helmet
rElec   .          Harm     .    A - scarf {rC+ rF+}
rCorr   .          Rampage  .    j - +1 pair of gloves
Will    .....                    (no boots)
Stlth   +                        (no amulet)
HPRegen 0.34/turn                g - +6 ring of dexterity
MPRegen 0.14/turn                s - +4 ring of slaying

@: lethally poisoned (-2 -> -2)
A: no striking features
a: Renounce Religion, Fiery Armour, Foxfire Swarm, Rising Flame


You were on level 1 of the Lair of Beasts.
You worshipped Ignis.
Ignis was extremely pleased with you.
You visited 2 branches of the dungeon, and saw 12 of its levels.
You also visited: Sewer.

You collected 622 gold pieces.

Inventory:

Hand Weapons
 o - a +1 spear of flaming (weapon)
 p - a +0 spear of freezing
 v - a +0 sling
Missiles
 x - 2 boomerangs (quivered)
 y - 9 datura-tipped darts
Armour
 h - a +0 kite shield (worn)
 j - a +1 pair of gloves (worn)
 n - +0 steam dragon scales
 u - a +0 tower shield
 z - the +3 leather armour of Icysen (worn) {rC+}
   (You found it on level 6 of the Dungeon)

   rC:        It protects you from cold.
 A - a scarf of resistance (worn)
 J - a +2 helmet (worn)
 M - a +0 scale mail
Jewellery
 f - a ring of fire
 g - a +6 ring of dexterity (left hand)
 s - a +4 ring of slaying (right hand)
 t - a +6 ring of intelligence
 w - a ring of wizardry
Wands
 b - a wand of polymorph (4)
 C - a wand of flame (28)
 O - a wand of digging (9) {@v1}
Scrolls
 c - 7 scrolls of teleportation {@r3}
 i - a scroll of identify {@r1}
 l - a scroll of fog
 q - a scroll of enchant weapon
 r - 4 scrolls of blinking {@r4}
 D - 2 scrolls of enchant armour
 P - a scroll of fear
Potions
 a - 2 potions of attraction
 d - 4 potions of curing {@q1}
 e - 3 potions of haste {@q3}
 k - 3 potions of might {@q4}
 m - a potion of ambrosia
 B - 4 potions of brilliance
 E - 2 potions of flight
 F - 2 potions of magic
 G - 3 potions of resistance {@q6}
 I - a potion of invisibility
 K - a potion of mutation {unknown}
 N - a potion of heal wounds {@q2}


   Skills:
 + Level 8.1 Fighting
 * Level 13.4 Polearms
 + Level 5.1 Armour
 + Level 6.4 Shields
 - Level 3.0 Spellcasting
 - Level 5.0 Fire Magic


You had 14 spell levels left.
You knew the following spells:

 Your Spells              Type           Power      Damage    Failure   Level
a - Scorch                Fire           32%        2d6       13%         2

Your spell library contained the following spells:

 Spells                   Type           Power      Damage    Failure   Level
 Ensorcelled Hibernation  Hex/Ice        4%         N/A       69%         2
 Passwall                 Tmut/Erth      1%         N/A       69%         2
 Call Canine Familiar     Summ           2%         N/A       89%         3
 Portal Projectile        Hex/Tloc       4%         N/A       89%         3
 Swiftness                Air            2%         N/A       89%         3
 Leda's Liquefaction      Hex/Erth       1%         N/A       100%        4
 Yara's Violent Unravell  Hex/Tmut       1%         3d3       100%        5
 Enfeeble                 Hex            1%         N/A       100%        7


Dungeon Overview and Level Annotations

Branches:
Dungeon (11/15)            Temple (0/1) D:6            Lair (1/5) D:8
    Orc (0/2) D:9           Sewer (visited)

Altars:
Cheibriados
Dithmenos
Elyvilon
Gozag
Hepliaklqana
Nemelex Xobeh
Okawaru
Sif Muna
Trog
Uskayaw
Vehumet
Wu Jian
Xom
Zin
The Shining One

Annotations:
D:2 Sigmund
D:3 1 runed translucent door, testman's ghost, amateur DsVM
D:4 1 runed translucent door, cforsyth's ghost, amateur KoBr
D:5 4 runed translucent doors, Crazy Yiuf; Farfigtubin's ghost, amateur KoBr


Message History

Flames lash the komodo dragon.
The komodo dragon is lightly wounded.
The komodo dragon's fire resistance burns away.
You feel very sick. You block the komodo dragon's attack.
You are too injured to fight recklessly!
You are too injured to fight recklessly!
You completely miss the komodo dragon.
The komodo dragon is lightly wounded.
You feel sick.
The komodo dragon bites you but does no damage.
You hit the komodo dragon. You burn the komodo dragon.
The komodo dragon is lightly wounded.
You feel sick.
You hit the komodo dragon but do no damage.
The komodo dragon is lightly wounded.
You feel sick. The komodo dragon closely misses you.
You hit the komodo dragon. You burn the komodo dragon.
The komodo dragon is moderately wounded.
You feel sick.
The komodo dragon bites you but does no damage.
Casting: Scorch (safe; 13% risk of failure)
Confirm with . or Enter, or press ? or * to list all spells.
Flames lash the komodo dragon.
The komodo dragon is burned terribly!
The komodo dragon is moderately wounded.
You feel sick. The komodo dragon closely misses you.
Casting: Scorch (safe; 13% risk of failure)
Confirm with . or Enter, or press ? or * to list all spells.
Flames lash the komodo dragon.
The komodo dragon is burned terribly!
The komodo dragon is heavily wounded.
You feel sick. You block the komodo dragon's attack.
You puncture the komodo dragon! You burn the komodo dragon!
The komodo dragon is almost dead.
You barely miss the komodo dragon.
The komodo dragon is almost dead.
You feel sick. The komodo dragon bites you!
You completely miss the komodo dragon.
The komodo dragon is almost dead.
You feel sick. The komodo dragon bites you!!
You die...

..# .... #...#.........
..# .P###............
..............F......
.............#####.#####
........................
........................
........................
..............##l#.#P#.
... .........##@#.###
... ........#........#
## #####..........>.# #
####...##.......#
#######.#.....#.......#
'.............#.......#
.#.....##P...##.......#
P###..####...##.......#
## ##.####...###.#.###


You could see a komodo dragon (combustible).

Vanquished Creatures
  Erica (D:10)
  2 cane toads (Lair:1)
  Maggie (D:7)
  A troll (D:10)
  A vampire (D:9)
  A wyvern (D:8)
  16 yaks
  4 fire bats (D:8)
  A steam dragon (D:8)
  3 acid dragons
  2 water moccasins
  3 ice beasts
  A sky beast (D:7)
  3 orc warriors
  2 ogres (D:5)
  A black bear (D:3)
  4 centaurs
  2 phantoms
  4 kobold brigands
  11 bullfrogs
  2 necrophages
  6 scorpions
  10 wights
  2 killer bees
  12 howler monkeys
  4 jellies
  6 orc priests
  3 hounds
  2 gnoll boudas
  10 orc wizards
  2 iguanas (D:5)
  Robin (D:3)
  13 gnolls
  5 adders
  A shadow imp (D:7)
  2 white imps
  4 ufetubi
  5 worms
  3 dart slugs
  44 orcs
  11 endoplasms
  5 giant cockroaches
  7 hobgoblins
  4 jackals
  26 kobolds
  5 quokkas
  12 ball pythons
  5 bats
  6 frilled lizards
  22 goblins
  3 rats
  2 fire vortices (D:8)
309 creatures vanquished.

Vanquished Creatures (others)
  A fire vortex (D:8)
  7 plants
8 creatures vanquished.

Grand Total: 317 creatures vanquished

Notes
Turn   | Place    | Note
-------+----------+-------------------------------------------
     0 | D:1      | Zenkrye the Human Cinder Acolyte began the quest for the
                  | Orb.
     0 | D:1      | Reached XP level 1. HP: 18/18 MP: 2/2
   303 | D:1      | Reached XP level 2. HP: 24/24 MP: 3/3
   306 | D:1      | Learned a level 2 spell: Scorch
   886 | D:2      | Reached skill level 4 in Polearms
   886 | D:2      | Reached XP level 3. HP: 19/29 MP: 1/4
   938 | D:2      | Found a glowing silver altar of Zin.
  1127 | D:2      | Noticed Sigmund
  1372 | D:2      | Reached XP level 4. HP: 35/35 MP: 2/5
  1996 | D:3      | Found a runed translucent door.
  2080 | D:3      | Noticed Robin
  2112 | D:3      | Killed Robin
  2113 | D:3      | Reached XP level 5. HP: 21/41 MP: 0/7
  2114 | D:3      | Found a hide-covered altar of Uskayaw.
  2668 | D:3      | Reached skill level 5 in Polearms
  2668 | D:3      | Reached XP level 6. HP: 12/47 MP: 1/9
  3405 | D:3      | Noticed testman's ghost (amateur DsVM)
  3436 | D:4      | Noticed a black bear
  3709 | D:3      | Killed a black bear
  3807 | D:4      | Reached XP level 7. HP: 52/52 MP: 11/11
  4086 | D:4      | Found an iron altar of Okawaru.
  4314 | D:4      | Reached skill level 6 in Polearms
  4314 | D:4      | Reached skill level 5 in Fire Magic
  4620 | D:4      | Found a shimmering blue altar of Sif Muna.
  4676 | D:4      | Found a runed translucent door.
  4798 | D:4      | Noticed cforsyth's ghost (amateur KoBr)
  5032 | D:5      | Entered Level 5 of the Dungeon
  5133 | D:5      | Reached skill level 7 in Polearms
  5269 | D:5      | Reached XP level 8. HP: 58/58 MP: 9/12
  5303 | D:5      | Found an opulent altar of Gozag.
  5393 | D:5      | Found a runed translucent gate.
  5393 | D:5      | Found a runed translucent gate.
  5394 | D:5      | Found a runed translucent gate.
  5403 | D:5      | Reached skill level 8 in Polearms
  5663 | D:5      | Reached skill level 1 in Armour
  5798 | D:5      | Noticed Farfigtubin's ghost (amateur KoBr)
  5864 | D:5      | Found a runed translucent door.
  5865 | D:5      | Noticed Crazy Yiuf
  6285 | D:6      | Reached skill level 9 in Polearms
  6285 | D:6      | Reached XP level 9. HP: 60/64 MP: 13/13
  6482 | D:6      | Identified the +3 leather armour of Icysen {rC+}
  6646 | D:6      | Found a staircase to the Ecumenical Temple.
  6695 | D:6      | Found a glowing drain.
  6722 | Sewer    | Entered a sewer
  7125 | Sewer    | Reached skill level 10 in Polearms
  7493 | D:7      | Found a glowing silver altar of Zin.
  7553 | D:7      | Reached skill level 1 in Shields
  7571 | D:7      | Reached skill level 5 in Fighting
  8032 | D:7      | Reached XP level 10. HP: 74/74 MP: 7/14
  8548 | D:7      | Found a shimmering altar of Xom.
  8597 | D:7      | Noticed Maggie
  8613 | D:7      | Killed Maggie
  8847 | D:7      | Reached skill level 11 in Polearms
  9003 | D:7      | Reached skill level 5 in Armour
  9432 | D:8      | You fall into a shaft and drop 3 floors!
  9498 | D:11     | Noticed a cyclops
  9500 | D:10     | Entered Level 10 of the Dungeon
  9712 | D:10     | Noticed Erica
  9757 | D:10     | Killed Erica
  9929 | D:9      | Found a glowing golden altar of the Shining One.
  9929 | D:9      | Found a sparkling altar of Nemelex Xobeh.
 10161 | D:9      | Reached XP level 11. HP: 43/83 MP: 9/15
 10164 | D:9      | Reached skill level 12 in Polearms
 10390 | D:8      | Reached skill level 5 in Shields
 10888 | D:8      | Found a staircase to the Lair.
 11279 | D:8      | Found a snail-covered altar of Cheibriados.
 11838 | D:9      | Reached skill level 13 in Polearms
 11921 | D:9      | Found a staircase to the Orcish Mines.
 12746 | D:10     | Found an ornate altar of the Wu Jian Council.
 12746 | D:10     | Found a hazy altar of Hepliaklqana.
 12746 | D:10     | Found a white marble altar of Elyvilon.
 12746 | D:10     | Found a shadowy altar of Dithmenos.
 12928 | D:10     | Found a radiant altar of Vehumet.
 12928 | D:10     | Found a bloodstained altar of Trog.
 13088 | D:10     | Noticed a two-headed ogre
 13176 | Lair:1   | Entered Level 1 of the Lair of Beasts
 13289 | Lair:1   | Slain by a komodo dragon

Illustrated notes

Levels and vault maps discovered:
D:1:      roderic_crossed_star, layout_loops_ring, serial_bayou_pond_c
D:2:      layout_rooms, basic_altar, grunt_decor_cap, mrwooster_statue_mirror,
          minmay_surrounded, uniq_sigmund
D:3:      layout_basic, general_overflow_altar, ebering_ghost_reflecting_pool,
          minivault_19, due_unseen_surprise, uniq_robin
D:4:      nicolae_BIG_FREAKIN_CUBE, layout_loops_ring, kennysheep_mini_moat,
          okawaru_metal_pillars_1_2, gammafunk_ghost_grave, minmay_diced_spiral
D:5:      layout_rooms, mainiacjoe_overflow_alcove_2,
          gammafunk_ghost_necromancy, grunt_ministairs_6,
          kennysheep_generic_room_15, uniq_crazy_yiuf_cottage
D:6:      layout_loops_ring, minmay_temple_entry_statues_pillars,
          cheibrodos_sewer_entry_drain
D:7:      minmay_thinvault, layout_basic, lemuel_crystal_altar,
          mainiacjoe_overflow_paths, minivault_11, minmay_misc_feat_iff,
          uniq_maggie
D:8:      layout_loops_corners, marbit_many_paths, lair_entry_dummy,
          minmay_splitting_lines, hangedman_incinerator
D:9:      layout_irregular_city, amethyst_overflow_temple_binary, orc_0_dummy,
          grunt_ministairs_15
D:10:     layout_basic, minmay_overflow_temple_hex, uniq_maurice, uniq_erica
D:11:     layout_grid_maze
Lair:1:   layout_regular_city

Skill      XL: |  1  2  3  4  5  6  7  8  9 10 11 |
---------------+----------------------------------+-----
Polearms       | 4 5 7 9 10 11 13 | 13.4
Spellcasting   | 2 3 |  3.0
Fire Magic     | 4 5 |  5.0
Armour         | 1 4 5 |  5.1
Fighting       | 5 6 8 |  8.1
Shields        | 1 4 6 |  6.4

Action                     |  1- 3 |  4- 6 |  7- 9 | 10-12 || total
---------------------------+-------+-------+-------+-------++-------
  Melee: Spear             |    90 |   150 |   302 |   483 ||  1025
         Punch             |       |     2 |     3 |       ||     5
   Fire: Sling             |       |    17 |    14 |       ||    31
  Throw: Boomerang         |       |       |    10 |    10 ||    20
         Dart              |       |       |       |     1 ||     1
   Cast: Scorch            |    14 |    41 |    72 |    57 ||   184
    Use: Scroll            |     5 |     1 |     9 |    11 ||    26
         Potion            |       |       |     2 |     5 ||     7
   Stab: Sleeping          |       |       |     1 |       ||     1
 Armour: Robe              |    22 |     9 |       |       ||    31
         Leather armour    |       |    21 |    42 |    85 ||   148
         Ring mail         |       |    27 |    40 |       ||    67
  Dodge: Dodged            |    49 |    85 |   108 |    90 ||   332
  Block: Kite shield       |       |       |       |   122 ||   122

Table legend: (Time is in decaauts)
 A = Elapsed time spent in this place.
 B = Non-inter-level travel time spent in this place.
 C = Inter-level travel time spent in this place.
 D = Time resting spent in this place.
 E = Time spent auto-exploring this place.
 F = Levels seen in this place.
 G = Mean time per level.
                   A        B        C        D        E       F      G
               +--------+--------+--------+--------+--------+-----+--------+
         Total |  13051 |  12379 |    672 |   2100 |   7798 |  13 | 1003.9 |
       Dungeon |  12446 |  11775 |    671 |   2083 |   7403 |  11 | 1131.5 |
          Lair |    106 |    106 |      0 |      0 |     69 |   1 |  106.0 |
         Sewer |    499 |    499 |      0 |     17 |    325 |   1 |  499.0 |
               +--------+--------+--------+--------+--------+-----+--------+

Top non-repeatable levels by time:
     D:3: 2099 daAuts
     D:7: 1685 daAuts
     D:8: 1583 daAuts
     D:4: 1312 daAuts
     D:9: 1202 daAuts
    D:10: 972 daAuts
     D:1: 962 daAuts
     D:5: 940 daAuts
     D:6: 900 daAuts
     D:2: 720 daAuts
   Sewer: 499 daAuts
  Lair:1: 106 daAuts
    D:11: 66 daAuts
